 Dungeon Crawl Stone Soup version 0.30-a0-331-g8ab09dc110 (webtiles) character file.

Game seed: 3094359471868171506

4508 gruber the Destroyer (level 10, -6/81 HPs)
             Began as a Pale Draconian Conjurer on Oct 29, 2022.
             Was a Follower of Vehumet.
             Mangled by a gnoll sergeant
             ... wielding a +4 spear of venom
              (7 damage)
             ... on level 9 of the Dungeon.
             The game lasted 00:11:49 (8402 turns).

gruber the Destroyer (Pale Draconian Conjurer)      Turns: 8402, Time: 00:11:49

Health: -6/81      AC:  8    Str: 14    XL:     10   Next: 16%
Magic:  0/13       EV:  6    Int: 34    God:    Vehumet [*.....]
Gold:   305        SH:  0    Dex: 10    Spells: 1/13 levels left

rFire   . . .      SeeInvis .    n - +5 spear "Isuy" {speed, rPois Str+4}
rCold   . . .      Faith    .    (no shield)
rNeg    . . .      Spirit   +    (body armour unavailable)
rPois   +          Reflect  .    (helmet restricted)
rElec   .          Harm     .    o - +0 cloak
rCorr   .          Rampage  .    (no gloves)
Will    .....                    (no boots)
Stlth   ++........               E - amulet of guardian spirit
HPRegen 0.33/turn                d - +6 ring of intelligence
MPRegen 0.13/turn                y - +6 ring of intelligence

@: held, slowed, studying Long Blades, very slow
A: breathe steam, AC +7, unfitting armour, cold-blooded, steam resistance
a: Breathe Steam, Renounce Religion


You were on level 9 of the Dungeon.
You worshipped Vehumet.
Vehumet was aware of your devotion.
You visited 2 branches of the dungeon, and saw 10 of its levels.

You collected 503 gold pieces.
You spent 198 gold pieces at shops.

Inventory:

Hand Weapons
 n - the +5 spear "Isuy" (weapon) {speed, rPois Str+4}
   (You found it on level 2 of the Dungeon)

   Attacks with this weapon are significantly faster.
   Str:       It affects your strength (+4).
   rPois:     It protects you from poison.
Missiles
 i - 2 throwing nets
Armour
 o - a +0 cloak (worn)
Jewellery
 d - a +6 ring of intelligence (left hand)
 k - a ring of willpower
 y - a +6 ring of intelligence (right hand)
 E - an amulet of guardian spirit (around neck)
 F - a ring of see invisible
Wands
 u - a wand of polymorph (11)
Scrolls
 b - 8 scrolls of identify {unknown}
 c - a scroll of magic mapping {unknown}
 e - 3 scrolls of enchant weapon {unknown}
 f - 3 scrolls of poison {unknown}
 g - a scroll of vulnerability {unknown}
 l - 3 scrolls of noise {unknown}
 p - 2 scrolls of enchant armour {unknown}
 q - a scroll of silence {unknown}
 v - 6 scrolls of teleportation {unknown}
 w - a scroll of amnesia {unknown}
 x - 3 scrolls of immolation {unknown}
 A - a scroll of blinking {unknown}
 D - a scroll of fear {unknown}
 H - a scroll of butterflies {unknown}
 I - 2 scrolls of acquirement {unknown}
 K - a scroll of summoning {unknown}
Potions
 h - 2 potions of might
 j - 2 potions of attraction {unknown}
 m - 4 potions of degeneration {unknown}
 r - 4 potions of heal wounds {unknown}
 s - 2 potions of mutation {unknown}
 t - 5 potions of curing
 z - a potion of brilliance {unknown}
 B - 3 potions of haste {unknown}
 C - a potion of invisibility {unknown}
 G - a potion of ambrosia {unknown}
 J - 3 potions of flight {unknown}
 L - a potion of berserk rage


   Skills:
 - Level 5.2 Fighting
 - Level 8.4 Polearms
 - Level 1.7 Dodging
 - Level 1.7 Stealth
 - Level 2.0 Spellcasting
 - Level 11.3 Conjurations
 * Level 3.8 Air Magic


You had one spell level left.
You knew the following spells:

 Your Spells              Type           Power      Damage    Failure   Level
a - Magic Dart            Conj           100%       1d8       1%          1
b - Searing Ray           Conj           100%       2d8       1%          2
c - Iskenderun's Mystic   Conj/Tloc      41%        2d9       6%          4
d - Freezing Cloud        Conj/Ice/Air   18%        6-21      22%         5

Your spell library contained the following spells:

 Spells                   Type           Power      Damage    Failure   Level
 Shock                    Conj/Air       100%       1d9       1%          1
 Dazzling Flash           Conj/Hex       82%        N/A       1%          3
 Fulminant Prism          Conj/Hex       20%        3d12      6%          4
 Sublimation of Blood     Necr           3%         N/A       9%          2
 Wereblood                Tmut           3%         N/A       9%          2
 Kindle Blastsparks       Fire/Tloc/Air  24%        2d12      11%         3
 Ignite Poison            Fire/Tmut/Pois 3%         N/A       19%         3
 Conjure Ball Lightning   Conj/Air       26%        3x3d8     38%         6
 Animate Dead             Necr           3%         N/A       52%         4
 Haunt                    Necr/Summ      1%         N/A       100%        7
 Summon Hydra             Summ           1%         N/A       100%        7
 Discord                  Hex            1%         N/A       100%        8
 Disjunction              Tloc           1%         N/A       100%        8
 Infestation              Necr           1%         N/A       100%        8


Dungeon Overview and Level Annotations

Branches:
Dungeon (9/15)             Temple (1/1) D:5
   Lair: D:8-11         Orc: D:9-12

Altars:
Ashenzari
Cheibriados
Dithmenos
Elyvilon
Fedhas
Gozag
Hepliaklqana
Kikubaaqudgha
Makhleb
Nemelex Xobeh
Okawaru
Qazlal
Ru
Sif Muna
Trog
Uskayaw
Vehumet
Wu Jian
Xom
Yredelemnul
Zin
The Shining One

Shops:
D:6 (

Annotations:
D:8 3 runed translucent doors, Potemkin's ghost, novice FoFi


Innate Abilities, Weirdness & Mutations

You can breathe blasts of scalding, opaque steam.
Your pale cyan-grey scales are hard. (AC +7)
You cannot fit into any form of body armour.
You are cold-blooded and may be slowed by cold attacks.
You are immune to the effects of steam.


Message History

* * * LOW HITPOINT WARNING * * *
The wraith hits you but does no damage.
Unknown command.
Casting: Iskenderun's Mystic Blast (dangerous; 6% risk of failure)
Confirm with . or Enter, or press ? or * to list all spells.
You erupt in a blast of force!
The mystic blast hits the gnoll.
You kill the gnoll!
Vehumet accepts your kill.
The mystic blast hits the gnoll!
The gnoll is severely wounded.
The gnoll is knocked back by the mystic blast.
The gnoll slams into the rock wall!
You kill the gnoll!
Vehumet accepts your kill.
You feel your power returning.
The mystic blast hits the wraith.
You destroy the wraith!
Vehumet accepts your kill.
You feel sick.
The gnoll sergeant hits you from afar with a +4 spear of venom!
* * * LOW HITPOINT WARNING * * *
Unknown command.
Unknown command.
You struggle against the net.
You feel sick.
The gnoll sergeant hits you from afar with a +4 spear of venom!
* * * LOW HITPOINT WARNING * * *
The steam dragon bites you. The steam dragon barely misses you.
The gnoll closely misses you.
Unknown command.
Unknown command.
Unknown command.
It was a potion of curing.
You feel better.
The gnoll sergeant hits you from afar with a +4 spear of venom.
* * * LOW HITPOINT WARNING * * *
The steam dragon bites you.
* * * LOW HITPOINT WARNING * * *
The steam dragon claws you but does no damage.
The gnoll hits you from afar with a +0 spear!
* * * LOW HITPOINT WARNING * * *
The gnoll sergeant hits you from afar with a +4 spear of venom!
You die...

.... ...>.#. ...
....... ## ...
......# ..
..........
##.##........# ##
##...g)#....... #.
........ยง......
#.# #....gD@.....#
#..###.....###..[..
#.......#.# ##.
#........#
#<......##
#.....#.# ......#.
....#....#
..#..#..#.#


You could see a steam dragon, a gnoll sergeant and a gnoll.

Vanquished Creatures
  Pikel (D:4)
  Sigmund (D:5)
  A shadow (D:9)
  A wraith (D:9)
  3 wyverns
  A steam dragon (D:7)
  Menkaure (D:4)
  Edmund (D:4)
  An acid dragon (D:8)
  2 water moccasins
  Duvessa (D:4)
  An orc warrior (D:7)
  2 ice beasts (D:5)
  3 ogres
  A centaur (D:8)
  2 lemures (D:4)
  Blork the orc (D:6)
  2 necrophages
  3 bullfrogs
  2 scorpions
  A wight (D:8)
  Dowan (D:4)
  A killer bee (D:8)
  6 howler monkeys
  A gnoll bouda (D:5)
  A hound (D:4)
  4 orc priests
  3 jellies
  3 iguanas (D:4)
  5 orc wizards
  Natasha (thrice) (D:4)
  8 adders
  15 gnolls
  2 shadow imps (D:7)
  2 white imps
  3 ufetubi
  A worm (D:4)
  2 dart slugs (D:1)
  16 orcs
  5 ball pythons
  2 bats
  4 endoplasms
  4 giant cockroaches
  5 goblins
  2 hobgoblins (D:1)
  2 quokkas
  3 frilled lizards
  6 kobolds
  2 rats (D:1)
144 creatures vanquished.

Notes
Turn   | Place    | Note
-------+----------+-------------------------------------------
     0 | D:1      | gruber the Draconian Conjurer began the quest for the Orb.
     0 | D:1      | Reached XP level 1. HP: 14/14 MP: 3/3
   163 | D:1      | Reached XP level 2. HP: 20/20 MP: 1/5
   718 | D:1      | Learned a level 2 spell: Searing Ray
  1133 | D:2      | Found a faded altar of an unknown god.
  1139 | D:2      | Identified the +5 spear "Isuy" {speed, rPois Str+4}
  1165 | D:2      | Reached skill level 5 in Conjurations
  1165 | D:2      | Reached XP level 3. HP: 26/26 MP: 1/6
  1443 | D:2      | Reached XP level 4. HP: 33/33 MP: 7/7
  1645 | D:2      | Reached skill level 1 in Polearms
  2399 | D:4      | Reached XP level 5. HP: 38/38 MP: 5/8
  2517 | D:4      | Reached XP level 6. HP: 45/45 MP: 3/9
  2548 | D:4      | Noticed a water moccasin
  2558 | D:4      | Killed a water moccasin
  2559 | D:4      | Reached skill level 5 in Polearms
  2941 | D:4      | Noticed Pikel
  2977 | D:4      | Killed Pikel
  2978 | D:4      | Your scales start taking on a pale cyan-grey colour.
  2978 | D:4      | Reached XP level 7. HP: 8/50 MP: 1/10
  2978 | D:4      | Gained mutation: You are immune to the effects of steam.
                  | [Pale Draconian growth]
  3064 | D:4      | Noticed Edmund
  3078 | D:4      | Killed Edmund
  3079 | D:4      | Reached XP level 8. HP: 41/57 MP: 11/11
  3353 | D:4      | Noticed Duvessa
  3357 | D:4      | Noticed Dowan
  3359 | D:4      | Killed Duvessa
  3361 | D:4      | Killed Dowan
  3585 | D:4      | Noticed Natasha
  3586 | D:4      | Noticed Menkaure
  3595 | D:4      | Killed Menkaure
  3596 | D:4      | Killed Natasha
  3983 | D:4      | Noticed Natasha
  3985 | D:4      | Killed Natasha
  3986 | D:4      | Reached skill level 5 in Fighting
  4050 | D:4      | Noticed Natasha
  4059 | D:4      | Killed Natasha
  4106 | D:5      | Entered Level 5 of the Dungeon
  4112 | D:5      | Learned a level 4 spell: Iskenderun's Mystic Blast
  4175 | D:5      | Reached skill level 6 in Conjurations
  4289 | D:5      | Found a staircase to the Ecumenical Temple.
  4376 | Temple   | Entered the Ecumenical Temple
  4567 | D:5      | Reached skill level 7 in Conjurations
  5071 | D:5      | Noticed Sigmund
  5077 | D:5      | Killed Sigmund
  5078 | D:5      | Reached XP level 9. HP: 70/74 MP: 5/12
  5141 | D:5      | Reached skill level 8 in Conjurations
  5189 | D:5      | Found a basalt altar of Yredelemnul.
  5208 | D:5      | Found a hide-covered altar of Uskayaw.
  5212 | D:5      | Found a radiant altar of Vehumet.
  5213 | D:5      | Found an iron altar of Okawaru.
  5213 | D:5      | Found a shadowy altar of Dithmenos.
  5213 | D:5      | Found a burning altar of Makhleb.
  5216 | D:5      | Became a worshipper of Vehumet
  5221 | D:5      | Found an ancient bone altar of Kikubaaqudgha.
  5222 | D:5      | Found a blossoming altar of Fedhas.
  5554 | D:6      | Noticed Blork the orc
  5558 | D:6      | Killed Blork the orc
  5675 | D:6      | Found Etsezeco's Antique Weapon Shoppe.
  5683 | D:6      | Bought a slimy rapier for 198 gold pieces
  5683 | D:6      | Identified the +12 rapier of the Skies Above {freeze,
                  | *Corrode rElec rC+++ SInv} (You bought it in a shop on
                  | level 6 of the Dungeon)
  5994 | D:6      | Reached skill level 9 in Conjurations
  6204 | D:6      | You fall into a shaft and drop 3 floors!
  6300 | D:8      | Reached skill level 10 in Conjurations
  6986 | D:7      | Reached skill level 11 in Conjurations
  7204 | D:7      | Reached * piety under Vehumet
  7204 | D:7      | Offered knowledge of Shock by Vehumet.
  7205 | D:7      | Reached XP level 10. HP: 54/81 MP: 2/13
  7211 | D:7      | Learned a level 5 spell: Freezing Cloud
  7327 | D:7      | Reached skill level 1 in Air Magic
  8052 | D:8      | Noticed Potemkin's ghost (novice FoFi)
  8083 | D:8      | Found a runed translucent gate.
  8083 | D:8      | Found a runed translucent gate.
  8083 | D:8      | Found a runed translucent gate.
  8401 | D:9      | HP: 1/81 [gnoll sergeant/+4 spear of venom (9)]
  8402 | D:9      | Mangled by a gnoll sergeant

Illustrated notes

Levels and vault maps discovered:
D:1:      dpeg_arrival_shrine, layout_basic
D:2:      layout_basic, ebering_ecumenical_altar_sacrificial
D:3:      layout_rooms
D:4:      layout_cave_pods, minmay_manual_mess, uniq_menkaure, uniq_duvessa,
          uniq_pikel, uniq_natasha, uniq_edmund
D:5:      layout_basic, minitemple, minmay_temple_entry_statues_pillars,
          grunt_decor_junction, uniq_sigmund
D:6:      layout_basic, serial_shops, shop_fountains, uniq_blork_the_orc
D:7:      layout_loops_ring
D:8:      layout_basic, gammafunk_ghost_icy, minmay_starry_boxes
D:9:      okawaru_arena_lexackson, layout_rooms, lair_entry_dummy
Temple:   nicolae_temple_great_sept

Skill      XL: |  1  2  3  4  5  6  7  8  9 10 |
---------------+-------------------------------+-----
Conjurations   | 5 7 11 | 11.3
Polearms       | 2 4 8 |  8.4
Fighting       | 5 |  5.2
Air Magic      | 3 |  3.8
Dodging        | |  1.7
Stealth        | |  1.7
Spellcasting   | |  2.0

Action                   |  1- 3 |  4- 6 |  7- 9 | 10-12 || total
-------------------------+-------+-------+-------+-------++-------
Melee: Spear             |    18 |    90 |   143 |    25 ||   276
       Tailslap          |     1 |     9 |    14 |     2 ||    26
       Punch             |       |     1 |       |       ||     1
 Cast: Magic Dart        |    39 |    10 |    26 |    11 ||    86
       Searing Ray       |     1 |     7 |    25 |       ||    33
       Iskenderun's Myst |       |       |     5 |     6 ||    11
 Abil: Breathe Steam     |       |       |    12 |     1 ||    13
  Use: Potion            |       |       |       |     2 ||     2
 Stab: Sleeping          |       |       |     3 |       ||     3
Armor: Skin              |     6 |    20 |    12 |     4 ||    42
Dodge: Dodged            |    10 |    38 |    37 |    10 ||    95

Table legend: (Time is in decaauts)
 A = Elapsed time spent in this place.
 B = Non-inter-level travel time spent in this place.
 C = Inter-level travel time spent in this place.
 D = Time resting spent in this place.
 E = Time spent auto-exploring this place.
 F = Levels seen in this place.
 G = Mean time per level.
                   A        B        C        D        E       F      G
               +--------+--------+--------+--------+--------+-----+--------+
         Total |   8275 |   7761 |    514 |     10 |   6871 |  10 |  827.5 |
       Dungeon |   8191 |   7688 |    503 |     10 |   6826 |   9 |  910.1 |
        Temple |     83 |     73 |     10 |      0 |     45 |   1 |   83.0 |
               +--------+--------+--------+--------+--------+-----+--------+

Top non-repeatable levels by time:
     D:4: 1693 daAuts
     D:5: 1185 daAuts
     D:1: 1110 daAuts
     D:7: 1036 daAuts
     D:8: 997 daAuts
     D:6: 904 daAuts
     D:2: 760 daAuts
     D:3: 482 daAuts
  Temple: 83 daAuts
     D:9: 21 daAuts
